cohdb
Replays
Latest Replays
All Replays
Popular Replays
Top Player Replays
Match Explorer
How It Works
Community
CoH3 Stats
Reddit
Sign in to upload your games and track your stats! →
Sign in with Steam
Match 45827282
Unlisted
Match 45827282
Overview
Messages
Build Orders
End
Construct Infanterie Kompanie
Selects Italian Coastal Battlegroup
Selects Coastal Reserves
Coastal Reserve
MG 42 Machine Gun Team
GrW 34 Mortar Team
Selects Artillery Officer
Artillery Officer
Construct Luftwaffe Kompanie
221 Scout Car
Medical Bunker
Flak 30 Anti-aircraft Gun Team
Coastal Reserve
Jäger Squad
MG 42 Machine Gun Team
Jäger Squad
Selects Obice da 210/22 Artillery Emplacement
Selects Support Bunkers
Flak 30 Anti-aircraft Gun Team
Artillery Officer
Selects Rapid Fortifications
Selects Bulwark
Rapid Fortifications
MindfulRaptor
nispe
RadioActiveMan
STALKER4732
kit.ohume
Devochkin
0
0
Comments
sign in to comment!
No comments posted yet!